 Dungeon Crawl Stone Soup version 0.21.1-1-g345015fe64 (webtiles) character file.

180 Enjoyment the Poker (level 5, 0/47 HPs)
             Began as a Hill Orc Berserker on June 21, 2018.
             Was a Believer of Trog.
             Succumbed to a scorpion's poison
             ... on level 3 of the Dungeon.
             The game lasted 00:07:15 (2983 turns).

Enjoyment the Poker (Hill Orc Berserker)            Turns: 2983, Time: 00:07:16

Health: 0/47       AC:  9    Str: 21    XL:     5   Next: 60%
Magic:  5/5        EV: 14    Int:  7    God:    Trog [**....]
Gold:   178        SH:  0    Dex: 10    Spells: 4/4 levels left

rFire    . . .     SeeInvis .   a - +1 spear
rCold    . . .     Gourm    .   (no shield)
rNeg     . . .     Faith    .   j - +0 scale mail
rPois    .         Spirit   .   (no helmet)
rElec    .         Reflect  .   l - +2 cloak
rCorr    .         Harm     .   (no gloves)
MR       .....                  (no boots)
Stlth    ..........             (no amulet)
HPRegen  0.15/turn              o - +4 ring of evasion
MPRegen  0.09/turn              (no ring)

@: lethally poisoned (0 -> -3), about to teleport
A: no striking features
a: Berserk, Trog's Hand, Burn Spellbooks, Renounce Religion


You were on level 3 of the Dungeon.
You worshipped Trog.
Trog was pleased with you.
You were very full.

You visited 1 branch of the dungeon, and saw 3 of its levels.

You collected 178 gold pieces.

Inventory:

Hand Weapons
 a - a +1 spear (weapon)
Armour
 b - a +0 animal skin
 j - a +0 scale mail (worn)
 l - a +2 cloak (worn)
Jewellery
 g - a +4 ring of intelligence {unknown}
 o - a +4 ring of evasion (left hand)
Scrolls
 f - 3 scrolls of teleportation
 p - a scroll of remove curse
Potions
 c - a potion of berserk rage {unknown}
 d - a potion of mutation {unknown}
 e - 2 potions of flight {unknown}
 i - a potion of might {unknown}
 k - a potion of curing
 n - a potion of haste {unknown}
Books
 m - a book of Minor Magic

   Spells                             Type                      Level
   a - Magic Dart                     Conjuration                  1
   b - Blink                          Translocation                2
   c - Call Imp                       Summoning                    2
   d - Slow                           Hexes                        2
   e - Conjure Flame                  Conjuration/Fire             3
   f - Mephitic Cloud                 Conjuration/Poison/Air       3
   Trog disapproves of the use of such an item.
Comestibles
 h - a ration


   Skills:
 + Level 4.5 Fighting
 + Level 5.0 Polearms
 + Level 2.6 Armour
 + Level 2.7 Dodging
 + Level 0.8 Stealth


You had 4 spell levels left.
You didn't know any spells.

Dungeon Overview and Level Annotations

Branches:
Dungeon (3/15)

Altars:
Uskayaw


Message History

* * * LOW HITPOINT WARNING * * *
The worker ant closely misses you.
You hit the worker ant but do no damage.
The worker ant is almost dead.
You feel sick. The worker ant closely misses you.
The hobgoblin hits you with a club.
* * * LOW HITPOINT WARNING * * *
You barely miss the worker ant.
The worker ant is almost dead.
The worker ant closely misses you.
As you read the scroll of teleportation, it crumbles to dust.
You feel strangely unstable. The hobgoblin hits you with a club.
* * * LOW HITPOINT WARNING * * *
The worker ant bites you but does no damage.
Unknown command.
* * * LOW HITPOINT WARNING * * *
You feel sick.
The worker ant bites you but does no damage.
The worker ant barely misses you. The worker ant completely misses you.
You die...

.# #.# #.# #.# .. #####
#.# .. ##...####.### ..
##.....##....####. #
#.###..............##.##
.......@.g....†.#####.).
.........a..###.# ##..
..#..#.....## #.# #..
#.........# #.# #..
#.........# #.# ###
#.........# #.# #
#..#.....## #.####
#####/..## #....##
####>)##


You could see a worker ant and a hobgoblin.

Vanquished Creatures
  A scorpion (D:3)
  Crazy Yiuf (D:2)
  Jessica (D:2)
  A hound zombie (D:3)
  2 oozes (D:3)
  3 dart slugs
  A worm (D:2)
  7 bats
  3 giant cockroaches (D:3)
  3 goblins
  8 hobgoblins
  6 jackals
  3 kobolds
  A quokka (D:3)
  4 rats
45 creatures vanquished.

Notes
Turn   | Place    | Note
-------+----------+-------------------------------------------
     0 | D:1      | Enjoyment the Hill Orc Berserker began the quest for the Orb.
     0 | D:1      | Reached XP level 1. HP: 19/19 MP: 1/1
   174 | D:1      | Reached XP level 2. HP: 25/27 MP: 2/2
  1402 | D:2      | Reached XP level 3. HP: 33/33 MP: 3/3
  1407 | D:2      | Noticed Jessica
  1421 | D:2      | Killed Jessica
  1421 | D:2      | Reached skill level 4 in Polearms
  1799 | D:2      | Reached XP level 4. HP: 30/40 MP: 4/4
  2132 | D:2      | Noticed a dagger
  2132 | D:2      | Noticed a dagger
  2136 | D:2      | Found a hide-covered altar of Uskayaw.
  2315 | D:2      | Found a runed door.
  2319 | D:2      | Noticed Crazy Yiuf
  2328 | D:2      | Killed Crazy Yiuf
  2715 | D:3      | Reached ** piety under Trog
  2753 | D:3      | Reached XP level 5. HP: 41/47 MP: 5/5
  2968 | D:3      | Reached skill level 5 in Polearms
  2980 | D:3      | HP: 1/47 [hobgoblin/club (6)]
  2983 | D:3      | Succumbed to a scorpion's poison

Skill      XL: |  1  2  3  4  5 |
---------------+----------------+-----
Fighting       | 4 |  4.5
Polearms       | 4 5 |  5.0
Dodging        | 2 |  2.7
Armour         | |  2.6
Stealth        | |  0.8

Action                   |  1- 3 |  4- 6 || total
-------------------------+-------+-------++-------
Melee: Spear             |   132 |   112 ||   244
  Use: Scroll            |       |     8 ||     8
  Eat: Ration            |     1 |     3 ||     4
Armor: Animal skin       |    42 |     2 ||    44
       Scale mail        |       |    42 ||    42
Dodge: Dodged            |   129 |    95 ||   224
